Map: Central Protocol

Players

puCK (Nina) - Winner!

  • Race: Protoss Protoss
  • League: Master

Chris (MCanning)

  • Race: Protoss Protoss
  • League: Diamond

VOD

https://youtu.be/ik97viTfB04

Description

Time

  • Played on: Nov. 12, 2015, 1:08 a.m.
  • Length: 23:48
Show
View Real Time Build Order
Export as new Build Order

puCK Protoss - Winner!

Build Orders: Nexus First, Blink Stalkers 

Get SALT Encoding   

  12  0:01  Probe (Chrono Boost)  
  13  0:12  Probe (Chrono Boost)  
  14  0:20  Pylon  
  14  0:23  Probe (Chrono Boost)  
  15  0:39  Probe (Chrono Boost)  
  16  0:49  Probe (Chrono Boost)  
  17  1:00  Probe (Chrono Boost)  
  17  1:02  Nexus  
  18  1:10  Probe (Chrono Boost)  
  19  1:16  Gateway  
  19  1:21  Probe (Chrono Boost)  
  19  1:23  Assimilator  
  20  1:28  Assimilator  
  20  1:31  Probe (Chrono Boost)  
  21  1:39  Pylon  
  21  1:42  Probe (Chrono Boost)  
  22  1:51  Gateway  
  22  1:53  Probe (Chrono Boost)  
  23  2:04  Probe (Chrono Boost)  
  24  2:09  Cybernetics Core  
  24  2:14  Probe (Chrono Boost)  
  25  2:16  Probe (Chrono Boost)  
  26  2:25  Probe (Chrono Boost)  
  26  2:27  Probe (Chrono Boost)  
  28  2:35  Probe (Chrono Boost)  
  29  2:37  Probe (Chrono Boost)  
  30  2:46  Probe (Chrono Boost), Adept (Chrono Boost), Warp Gate  
  30  2:48  Probe (Chrono Boost), Adept (Chrono Boost)  
  36  2:57  Probe  
  37  3:00  Mothership Core (Chrono Boost)  
  37  3:05  Twilight Council  
  39  3:09  Probe (Chrono Boost)  
  39  3:15  Stalker x2  
  43  3:20  Probe (Chrono Boost), Pylon  
  43  3:24  Probe (Chrono Boost)  
  45  3:31  Probe (Chrono Boost)  
  46  3:36  Pylon  
  46  3:38  Probe (Chrono Boost)  
  47  3:42  Probe (Chrono Boost)  
  47  3:46  Blink (Chrono Boost)  
  48  3:49  Probe  
  48  3:52  Probe  
  50  3:59  Robotics Facility  
  50  4:01  Probe  
  51  4:03  Probe  
  52  4:13  Probe x2  
  54  4:17  Gateway x2  
  54  4:19  Gateway  
  54  4:24  Probe  
  54  4:25  Probe  
  54  4:31  Assimilator x2  
  54  4:34  Probe  
  54  4:37  Probe  
  56  4:45  Probe  
  54  4:46  Pylon  
  54  4:47  Observer (Chrono Boost)  
  54  4:52  Stalker x2, Nexus  
  60  5:01  Pylon x2  
  60  5:02  Probe  
  61  5:11  Observer (Chrono Boost)  
  62  5:14  Stalker, Forge  
  62  5:15  Stalker x2  
  62  5:19  Zealot  
  70  5:23  Probe x2  
  70  5:27  Stalker  
  74  5:32  Robotics Bay  
  74  5:35  Probe, Pylon  
  75  5:36  Pylon  
  75  5:38  Probe  
  76  5:44  Zealot  
  76  5:47  Stalker, Probe  
  76  5:49  Protoss Ground Weapons Level 1 (Chrono Boost)  
  81  5:53  Photon Cannon  
  81  5:56  Probe  
  81  5:57  Photon Cannon  
  81  5:59  Probe  
  83  6:09  Probe  
  83  6:10  Probe  
  84  6:12  Stalker x2, Probe  
  84  6:17  Stalker  
  92  6:19  Probe  
  92  6:21  Probe  
  92  6:23  Disruptor (Chrono Boost)  
  92  6:24  Probe  
  98  6:37  Stalker x3  
  103  6:42  Pylon  
  103  6:46  Pylon  
  101  6:51  Stalker x2  
  101  6:53  Assimilator  
  105  6:57  Disruptor (Chrono Boost), Assimilator  
  105  6:58  Pylon  
  105  6:59  Pylon  
  105  7:00  Robotics Facility  
  108  7:09  Stalker x3  
  108  7:14  Photon Cannon  
  114  7:19  Stalker x2  
  118  7:35  Disruptor (Chrono Boost)  
  119  7:40  Stalker x3  
  125  7:45  Gateway, Protoss Ground Weapons Level 2  
  125  7:47  Gateway  
  114  8:06  Stalker x3  
  114  8:07  Stalker, Disruptor (Chrono Boost)  
  122  8:19  Disruptor (Chrono Boost)  
  122  8:21  Nexus  
  122  8:23  Pylon  
  122  8:25  Stalker  
  116  8:44  Disruptor (Chrono Boost)  
  116  8:45  Stalker x2  
  116  8:46  Stalker x2  
  124  8:51  Disruptor (Chrono Boost)  
  124  8:52  Photon Cannon  
  124  8:54  Assimilator  
  127  8:58  Assimilator  
  127  9:15  Stalker x2, Disruptor (Chrono Boost)  
  127  9:16  Stalker x3  
  140  9:23  Photon Cannon  
  140  9:24  Photon Cannon  
  140  9:26  Pylon  
  140  9:27  Disruptor (Chrono Boost)  
  138  9:46  Disruptor (Chrono Boost)  
  138  9:47  Stargate  
  141  9:56  Stalker x2  
  141  9:57  Stalker  
  141  9:59  Observer (Chrono Boost)  
  148  10:00  Pylon  
  146  10:15  Stalker  
  146  10:16  Stalker x3  
  146  10:17  Disruptor (Chrono Boost)  
  157  10:34  Observer (Chrono Boost)  
  155  10:36  Photon Cannon  
  155  10:45  Stalker x4  
  155  10:46  Stalker  
  155  10:48  Observer (Chrono Boost)  
  164  10:51  Observer (Chrono Boost)  
  164  11:00  Oracle (Chrono Boost)  
  164  11:01  Protoss Ground Weapons Level 3  
  167  11:08  Observer x2  
  169  11:15  Nexus  
  169  11:26  Dark Shrine  
  169  11:28  Photon Cannon  
  169  11:34  Oracle (Chrono Boost)  
  169  11:39  Photon Cannon  
  172  11:41  Photon Cannon  
  172  12:05  Pylon, Oracle (Chrono Boost)  
  172  12:06  Pylon, Photon Cannon  
  172  12:28  Disruptor  
  169  12:32  Disruptor  
  169  12:36  Oracle (Chrono Boost)  
  146  12:50  Stalker x6  
  146  12:51  Stalker  
  159  13:00  Disruptor (Chrono Boost)  
  162  13:17  Probe  
  163  13:20  Photon Cannon  
  163  13:22  Photon Cannon  
  163  13:24  Oracle (Chrono Boost)  
  163  13:26  Photon Cannon  
  166  13:29  Gateway, Disruptor (Chrono Boost)  
  166  13:30  Gateway  
  169  13:45  Stalker x6  
  181  13:55  Stargate  
  181  13:59  Oracle  
  184  14:22  Stalker x2  
  184  14:23  Stalker x4  
  196  14:28  Assimilator  
  196  14:34  Assimilator  
  196  14:43  Protoss Shields Level 1 (Chrono Boost)  
  196  14:44  Protoss Air Weapons Level 1  
  196  14:45  Fleet Beacon  
  196  14:51  Dark Templar  
  196  14:52  Dark Templar  
  200  15:06  Oracle  
  200  15:21  Stargate  
  200  16:17  Stargate x2  
  200  16:22  Graviton Catapult  
  192  16:57  Tempest x3  
  198  17:01  Protoss Shields Level 2 (Chrono Boost)  
  196  17:47  Nexus, Tempest  
  196  17:48  Pylon  
  196  17:49  Pylon  
  196  18:14  Tempest x2  
  196  18:26  Photon Cannon x2  
  196  18:28  Photon Cannon  
  196  18:30  Photon Cannon  
  196  18:33  Photon Cannon  
  196  18:34  Photon Cannon  
  196  18:39  Photon Cannon  
  196  18:40  Photon Cannon  
  196  18:41  Photon Cannon  
  196  18:45  Assimilator  
  196  18:47  Tempest, Assimilator  
  200  18:53  Photon Cannon  
  198  18:56  Pylon, Photon Cannon  
  196  19:21  Tempest  
  195  19:32  Tempest  
  199  19:40  Nexus  
  199  19:43  Photon Cannon  
  199  19:44  Photon Cannon  
  199  20:03  Protoss Air Weapons Level 2  
  199  20:06  Protoss Shields Level 3 (Chrono Boost)  
  179  21:02  Tempest x3  
  179  21:03  Tempest  
  191  21:07  Tempest  
  195  21:14  Nexus  
  155  21:35  Stalker x4  
  163  21:55  Pylon  
  163  21:57  Pylon  
  163  21:59  Pylon  
  163  22:00  Pylon  
  163  22:11  Pylon  
  163  22:12  Pylon  
  163  22:13  Tempest  
  163  22:14  Pylon  
  166  22:30  Dark Templar x2  
  166  22:31  Dark Templar x3  
  176  22:46  Dark Templar x4  
  163  23:08  Oracle x5  
  167  23:47  Stalker x6  
  167  23:48  Stalker  
Show
View Real Time Build Order
Export as new Build Order

Chris Protoss 

Build Orders: 1 Gate Expand, Blink Stalkers 

Get SALT Encoding   

  12  0:01  Probe (Chrono Boost)  
  13  0:12  Probe (Chrono Boost)  
  14  0:20  Pylon  
  14  0:22  Probe (Chrono Boost)  
  15  0:39  Probe (Chrono Boost)  
  15  0:41  Gateway  
  16  0:49  Probe (Chrono Boost)  
  17  0:54  Assimilator  
  17  1:00  Probe (Chrono Boost)  
  18  1:10  Probe (Chrono Boost)  
  19  1:20  Nexus  
  19  1:29  Cybernetics Core  
  19  1:32  Probe (Chrono Boost)  
  20  1:38  Assimilator  
  20  1:43  Probe (Chrono Boost)  
  21  1:53  Probe (Chrono Boost)  
  22  1:56  Pylon  
  22  2:04  Probe (Chrono Boost)  
  23  2:14  Adept  
  23  2:15  Mothership Core (Chrono Boost)  
  27  2:17  Pylon  
  27  2:21  Warp Gate  
  27  2:33  Probe x2 (Chrono Boost)  
  29  2:43  Probe (Chrono Boost)  
  31  2:44  Probe (Chrono Boost)  
  31  2:53  Adept  
  31  2:54  Probe x2 (Chrono Boost)  
  35  3:01  Twilight Council  
  35  3:04  Probe (Chrono Boost)  
  36  3:06  Probe (Chrono Boost)  
  37  3:15  Probe (Chrono Boost)  
  37  3:16  Probe (Chrono Boost)  
  39  3:22  Pylon  
  39  3:25  Probe (Chrono Boost)  
  40  3:29  Probe (Chrono Boost)  
  41  3:36  Probe (Chrono Boost)  
  41  3:39  Probe (Chrono Boost)  
  43  3:47  Gateway  
  43  3:49  Gateway  
  43  3:55  Blink  
  43  3:59  Probe (Chrono Boost)  
  44  4:05  Probe (Chrono Boost)  
  44  4:10  Stalker (Chrono Boost), Robotics Facility  
  44  4:15  Probe  
  44  4:28  Probe  
  44  4:31  Probe  
  45  4:39  Assimilator  
  45  4:40  Probe (Chrono Boost)  
  45  4:42  Probe (Chrono Boost)  
  47  4:47  Forge  
  47  4:49  Pylon  
  47  4:52  Probe (Chrono Boost)  
  48  4:53  Assimilator  
  48  4:54  Probe (Chrono Boost)  
  48  4:57  Stalker x2  
  48  4:58  Stalker  
  48  4:59  Observer (Chrono Boost)  
  56  5:01  Probe (Chrono Boost)  
  56  5:04  Probe (Chrono Boost)  
  58  5:07  Pylon  
  58  5:11  Probe  
  59  5:16  Probe  
  59  5:22  Probe  
  59  5:23  Stalker x3  
  59  5:27  Immortal (Chrono Boost)  
  70  5:30  Protoss Ground Weapons Level 1  
  70  5:31  Gateway  
  70  5:35  Gateway  
  70  5:48  Pylon  
  68  5:53  Pylon, Robotics Bay  
  68  6:02  Stalker x2  
  71  6:12  Stalker, Observer (Chrono Boost)  
  71  6:16  Probe  
  75  6:18  Gateway  
  75  6:20  Pylon  
  73  6:32  Pylon  
  73  6:33  Probe  
  73  6:38  Nexus  
  73  6:39  Stalker  
  76  6:40  Pylon  
  76  6:43  Disruptor (Chrono Boost)  
  77  6:54  Probe  
  77  6:57  Pylon  
  77  6:59  Stalker  
  77  7:00  Stalker  
  82  7:05  Probe  
  83  7:10  Stalker  
  83  7:13  Disruptor (Chrono Boost), Zealot  
  83  7:14  Probe  
  90  7:21  Probe  
  92  7:25  Probe  
  92  7:27  Stalker x2  
  91  7:38  Protoss Ground Weapons Level 2 (Chrono Boost)  
  91  7:40  Disruptor  
  91  7:42  Stalker  
  93  7:50  Stalker  
  93  7:51  Stalker  
  100  8:05  Stalker  
  102  8:11  Disruptor  
  102  8:12  Assimilator  
  102  8:17  Assimilator  
  102  8:18  Pylon  
  102  8:19  Stalker  
  107  8:20  Stalker  
  109  8:29  Stalker  
  108  8:34  Stalker x2  
  108  8:42  Disruptor  
  109  8:49  Probe x2  
  109  8:50  Pylon  
  109  8:53  Stalker  
  109  8:54  Stalker  
  112  9:10  Probe x2  
  112  9:13  Photon Cannon  
  112  9:16  Observer  
  110  9:17  Stalker x4  
  119  9:31  Stalker  
  119  9:32  Stalker  
  119  9:38  Disruptor  
  120  9:45  Stalker x4  
  130  9:47  Probe  
  130  9:48  Probe  
  132  9:57  Pylon  
  132  10:02  Dark Shrine  
  132  10:05  Stalker x2  
  136  10:09  Disruptor  
  139  10:24  Robotics Facility  
  139  10:29  Stalker x3  
  145  10:37  Probe  
  145  10:40  Disruptor  
  145  11:00  Stalker x2  
  149  11:06  Nexus  
  149  11:08  Stalker x2, Pylon  
  149  11:11  Disruptor  
  153  11:15  Templar Archives  
  153  11:17  Disruptor  
  159  11:22  Dark Templar  
  159  11:24  Dark Templar  
  162  11:35  Probe  
  161  11:42  Disruptor  
  161  11:43  Probe  
  159  11:48  Stalker  
  164  11:55  Pylon  
  164  11:57  Pylon x2  
  164  11:58  Pylon  
  164  11:59  Pylon  
  164  12:00  Photon Cannon  
  162  12:12  Dark Templar  
  162  12:14  Disruptor  
  167  12:21  Disruptor  
  167  12:26  Nexus  
  167  12:27  Pylon  
  170  12:34  High Templar x3  
  176  12:39  Pylon  
  163  12:45  Stalker x2  
  163  12:46  Archon  
  163  12:49  Disruptor  
  166  12:52  Disruptor  
  169  13:03  Probe  
  166  13:05  Photon Cannon  
  166  13:07  Probe, Photon Cannon  
  166  13:09  High Templar  
  168  13:15  Archon  
  168  13:17  Stalker  
  168  13:18  Stalker  
  172  13:23  Disruptor  
  172  13:26  Observer  
  176  13:47  Disruptor  
  179  13:49  Probe  
  179  13:53  Stalker x4  
  179  13:54  Disruptor  
  189  14:06  Photon Cannon  
  189  14:18  High Templar  
  189  14:22  Disruptor  
  194  14:27  Dark Templar  
  194  14:30  Assimilator  
  196  14:32  Assimilator  
  196  14:36  Stalker x2  
  175  14:39  Stalker  
  175  14:42  Probe  
  175  14:45  Probe, Pylon  
  179  14:49  Probe  
  180  14:53  Stalker  
  180  14:54  Stalker  
  172  15:08  Stalker x4  
  172  15:12  Probe  
  179  15:17  Probe  
  179  15:19  Dark Templar  
  182  15:29  Disruptor (Chrono Boost)  
  182  15:30  Probe  
  186  15:36  Probe  
  186  15:37  Stalker x3, Probe  
  194  15:43  Probe  
  190  15:51  Probe  
  194  15:58  Disruptor (Chrono Boost)  
  190  16:06  Disruptor (Chrono Boost)  
  193  16:12  Stalker x3  
  199  16:26  Probe  
  186  16:56  Disruptor (Chrono Boost)  
  186  16:57  Stalker x3  
  186  16:58  Stalker x2, Disruptor (Chrono Boost)  
  196  17:45  Disruptor (Chrono Boost)  
  199  17:54  Probe  
  196  18:04  Disruptor (Chrono Boost)  
  197  18:20  Probe  
  195  18:29  Pylon  
  195  18:32  Dark Templar x3  
  200  18:48  Nexus  
  200  18:49  Pylon  
  200  18:50  Pylon  
  200  18:53  Pylon  
  200  18:55  Pylon  
  198  19:04  Pylon  
  184  19:33  Photon Cannon  
  184  19:35  Photon Cannon  
  184  19:36  Stalker x4  
  184  19:37  Stalker x2, Photon Cannon  
  184  19:38  Photon Cannon  
  195  19:45  Nexus  
  173  20:02  Pylon  
  173  20:04  Stalker, Pylon  
  173  20:05  Stalker x5  
  185  20:07  Probe  
  183  20:48  Assimilator  
  166  22:09  Forge  
  166  22:11  Gateway  
  166  22:14  Assimilator  
  166  22:15  Gateway  
  166  22:19  Gateway  
  166  22:24  Assimilator  
Tags
 
Add a new tag
Caveats
  • Supply blocks, unpowered buildings, or Contaminate may cause inaccurate times.
  • Supply counts are checked every 10 seconds.